 Dungeon Crawl Stone Soup version 0.31.0-11-ge490571c62 (webtiles) character file.

Game seed: 14703484996936264981

21 qw the Shooter (level 2, -1/14 HPs)
             Began as a Spriggan Hunter on Feb 4, 2024.
             Succumbed to their own poison gas
             ... on level 1 of the Dungeon.
             The game lasted 00:00:01 (651 turns).

qw the Shooter (Spriggan Hunter)                     Turns: 651, Time: 00:00:02

Health: -1/14      AC:  4    Str:  7    XL:     2   Next: 65%
Magic:  3/3        EV: 19    Int: 10    God:
Gold:   16         SH:  0    Dex: 18    Spells: 1/1 levels left

rFire   . . .        a - +0 shortbow
rCold   . . .        (shield currently unavailable)
rNeg    . . .        c - +0 robe
rPois   .            (helmet restricted)
rElec   .            e - +1 cloak
rCorr   .            (gloves unavailable)
SInv    +            (boots unavailable)
Will    +....        (no amulet)
Stlth   ++           (no ring)
HPRegen 0.22/turn    (no ring)
MPRegen 0.08/turn

%: no passive effects
@: lethally poisoned (-1 -> -11), enlightened, flying, very quick
A: very small, no large weapons, unfitting armour, see invisible, speed 3
a: no special abilities


You were on level 1 of the Dungeon.
You visited 1 branch of the dungeon, and saw 1 of its levels.

You collected 16 gold pieces.


Innate Abilities, Weirdness & Mutations

You are very small and have problems with some larger weapons.
You are too small for most types of armour.
You have supernaturally acute eyesight. (SInv)
You cover ground extremely quickly. (Speed+++)


   Skills:
 - Level 1.5 Fighting
 + Level 4.2 Ranged Weapons
 - Level 4.0 Dodging
 - Level 1.5 Stealth


You had one spell level left.
You didn't know any spells.
Your spell library was empty.

Inventory:

Hand Weapons
 a - a +0 shortbow (weapon)
Armour
 c - a +0 robe (worn)
 e - a +1 cloak (worn)
Potions
 g - a potion of enlightenment
 h - a potion of brilliance {unknown}

Dungeon Overview and Level Annotations

Branches:
Dungeon (1/15)

Altars:


Message History

643 ||| READING 2 scrolls labelled OSIEXU IXOARCH.
The air fills with toxic fumes!
As you read the scroll labelled OSIEXU IXOARCH, it crumbles to dust.
It was a scroll of poison.
Done exploring.
644 ||| READING scroll labelled INWEUL IDOJIT.
As you read the scroll labelled INWEUL IDOJIT, it crumbles to dust.
It is a scroll of enchant armour.
644 ||| ENCHANTING +0 cloak.
Your +0 cloak glows green for a moment.
Done exploring.
645 ||| DRINKING 2 golden potions.
It was a potion of enlightenment.
You feel very buoyant.
You fly up into the air.
Done exploring.
646 ||| DROPPING scroll of butterflies.
You drop a scroll of butterflies.
Done exploring.
647 ||| DROPPING scroll of poison.
You drop a scroll of poison.
Done exploring.
What level of the Dungeon? (default 1, ? - help) Sorry, I don't know how to get there.
Enter note:
Enter note:
Enter note:
Enter note:
Enter note:
Enter note:
Enter note:
Enter note:
Enter note: You are engulfed in poison gas.
You are lethally poisoned!
You feel very sick.
649 ||| Stepping ~*~*~tactically~*~*~ (cloud).
You feel sick.
Things that are here:
a scroll of poison; a scroll of butterflies
There is a lethal amount of poison in your body!
You feel very sick.
There is a lethal amount of poison in your body!
You die...

...##.#########%....##....7)...##
.####.# ########.........## .#
#.# ###........##. .# #.#
##..###.)...##. .# #.#
#...#####...##. .#
#.#############.#....#####...
.####......................# #.##
......###################..# #...
#####....¤0¤0¤00@########..# ####
############00¤¤¤0¤....# #
###########.###### #.......
########


There were no monsters in sight!

Vanquished Creatures
  A ball python (D:1)
  2 endoplasms (D:1)
  4 goblins (D:1)
  2 hobgoblins (D:1)
  3 quokkas (D:1)
  3 frilled lizards (D:1)
  A kobold (D:1)
  4 rats (D:1)
20 creatures vanquished.

Notes
Turn   | Place    | Note
-------+----------+-------------------------------------------
     0 | D:1      | qw the Spriggan Hunter began the quest for the Orb.
     0 | D:1      | Reached XP level 1. HP: 10/10 MP: 2/2
     0 | D:1      | 0 ||| qw: Version: 0.3-a-160-g6735b56
     0 | D:1      | 0 ||| qw: Game counter: 4982
     0 | D:1      | 0 ||| qw: Melee chars always use a shield: true
     0 | D:1      | 0 ||| qw: God list: Okawaru
     0 | D:1      | 0 ||| qw: Allow faded altars: false
     0 | D:1      | 0 ||| qw: Do Orc after clearing Dungeon:15 true
     0 | D:1      | 0 ||| qw: Do second Lair branch before Depths: true
     0 | D:1      | 0 ||| qw: Lair rune preference: random
     0 | D:1      | 0 ||| qw: Goals: Normal
     0 | D:1      | 0 ||| PLANNING D:1-11
    48 | D:1      | Reached skill level 3 in Dodging
    76 | D:1      | Reached XP level 2. HP: 14/14 MP: 3/3
   214 | D:1      | Found a faded altar of an unknown god.
   638 | D:1      | 638 ||| UPGRADING to +0 cloak.
   643 | D:1      | 643 ||| READING 2 scrolls labelled OSIEXU IXOARCH.
   644 | D:1      | 644 ||| READING scroll labelled INWEUL IDOJIT.
   644 | D:1      | 644 ||| ENCHANTING +0 cloak.
   645 | D:1      | 645 ||| DRINKING 2 golden potions.
   646 | D:1      | 646 ||| DROPPING scroll of butterflies.
   647 | D:1      | 647 ||| DROPPING scroll of poison.
   649 | D:1      | 649 ||| Stepping ~*~*~tactically~*~*~ (cloud).
   650 | D:1      | HP: 1/14 [poisoned by you (poison gas)]
   651 | D:1      | Succumbed to their own poison gas

Levels and vault maps discovered:
D:1:      spicycebolla_green_bress_n_ham, layout_loops_ring,
          hellmonk_ecumenical_altar_leap_of_faith

Skill      XL: |  1  2 |
---------------+-------+-----
Dodging        | 3 4 |  4.0
Fighting       | |  1.5
Ranged Weapons | |  4.2
Stealth        | |  1.5

Action                     || total
---------------------------++-------
   Fire: Shortbow          ||    35
    Use: Scroll            ||     2
         Potion            ||     1
 Armour: Robe              ||     1
  Dodge: Dodged            ||     3

Table legend:
 A = Non-vault XP
 B = Vault XP
 C = Vault XP percentage of total XP
 D = Non-vault monster count
 E = Vault monster count
 F = Vault count percentage of total count
                 A         B        C        D         E       F
            +---------+---------+-------+---------+---------+-------
      Total |      31 |       0 |   0.0 |      20 |       0 |   0.0
            +---------+---------+-------+---------+---------+-------
        D:1 |      31 |       0 |   0.0 |      20 |       0 |   0.0
            +---------+---------+-------+---------+---------+-------
